 Dungeon Crawl Stone Soup version 0.30.1-4-g462c640d31 (webtiles) character file.

Game seed: 864872423749415718

3 Logoto the Firebug (level 1, 0/14 HPs)
             Began as a Draconian Fire Elementalist on Aug 17, 2023.
             Frozen to death by an endoplasm (4 damage)
             ... on level 1 of the Dungeon.
             The game lasted 00:01:37 (355 turns).

Logoto the Firebug (Draconian Fire Elementalist)     Turns: 355, Time: 00:01:37

Health: 0/14       AC:  4    Str: 10    XL:     1   Next: 41%
Magic:  2/3        EV: 12    Int: 15    God:
Gold:   40         SH:  0    Dex: 11    Spells: 3/4 levels left

rFire   . . .        c - +0 spear
rCold   . . .        (no shield)
rNeg    . . .        (body armour unavailable)
rPois   .            (helmet restricted)
rElec   .            (no cloak)
rCorr   .            (no gloves)
SInv    .            (no boots)
Will    .....        (no amulet)
Stlth   ++           (no ring)
HPRegen 0.22/turn    (no ring)
MPRegen 0.08/turn

%: no passive effects
@: no status effects
A: AC +4, unfitting armour, cold-blooded
a: no special abilities


You were on level 1 of the Dungeon.
You visited 1 branch of the dungeon, and saw 1 of its levels.

You collected 40 gold pieces.

Inventory:

Hand Weapons
 c - a +0 spear (weapon)
Scrolls
 b - a scroll of immolation {unknown}
 f - a scroll of brand weapon {unknown}
Potions
 a - a potion of magic
 d - a potion of heal wounds {unknown}
 e - a potion of curing {unknown}


   Skills:
 + Level 1.7 Dodging
 + Level 1.7 Stealth
 + Level 2.0 Spellcasting
 + Level 1.0 Conjurations
 + Level 3.2 Fire Magic


You had 3 spell levels left.
You knew the following spells:

 Your Spells              Type           Power      Damage    Failure   Level
a - Foxfire               Conj/Fire      28%        2x1d5     10%         1

Your spell library contained the following spells:

 Spells                   Type           Power      Damage    Failure   Level
 Scorch                   Fire           22%        2d5       9%          2
 Inner Flame              Hex/Fire       6%         N/A       34%         3
 Volatile Blastmotes      Fire/Tloc      12%        2d11      34%         3
 Flame Wave               Conj/Fire      7%         2d5       67%         4


Dungeon Overview and Level Annotations

Branches:
Dungeon (1/15)

Altars:


Innate Abilities, Weirdness & Mutations

Your plain brown scales are hard. (AC +4)
You cannot fit into any form of body armour.
You are cold-blooded and may be slowed by cold attacks.


Message History

The bat barely misses you.
You reach to attack!
You hit the bat.
You kill the bat!
No target in view!
Found a ring mail.
e - a fuming clear potion
f - a scroll labelled SIEMUO LUMOR You now have 23 gold pieces (gained 11).
You now have 40 gold pieces (gained 17).
An endoplasm comes into view.
The endoplasm quivers.
You reach to attack!
You hit the endoplasm but do no damage. You hit the endoplasm.
The endoplasm is moderately wounded.
The endoplasm freezes you.
You are frozen.
You feel yourself slow down. The endoplasm freezes you.
You are frozen.
You feel as though you will be slow longer.
You hit the endoplasm but do no damage.
The endoplasm is lightly wounded.
The endoplasm freezes you.
You are frozen.
* * * LOW HITPOINT WARNING * * *
The endoplasm hits you but does no damage.
The endoplasm attacks as you move away!
The endoplasm hits you but does no damage.
The endoplasm freezes you.
You are frozen.
* * * LOW HITPOINT WARNING * * *
You feel as though you will be slow longer.
Casting: Foxfire (safe; 10% risk of failure)
Confirm with . or Enter, or press ? or * to list all spells.
You conjure some foxfire!
The endoplasm hits you but does no damage.
You feel yourself speed up.
The foxfire hits the endoplasm but does no damage. x2
The endoplasm freezes you.
You are frozen.
You die...

.#####..# #..P.P..##
.##.....# #.P#~#P.#
.##.....# #.##~##.#
........# #.~~~~ .#
.#####...# #.##~##.##
.####.....#######.P#~#P..###
..†.............§..P.P......
#######.##### #.J......# ###
.# #@#####....# ..# #.# ####
#.# #.### #.# #...# #.#
###.# #.# ##..# #.#
####...######## ..+
+.............. ..#
####...#####...


You could see an endoplasm.

Vanquished Creatures
  An endoplasm (D:1)
  A hobgoblin (D:1)
  A bat (D:1)
3 creatures vanquished.

Vanquished Creatures (others)
  10 foxfires (D:1)
10 creatures vanquished.

Grand Total: 13 creatures vanquished

Notes
Turn   | Place    | Note
-------+----------+-------------------------------------------
     0 | D:1      | Logoto the Draconian Fire Elementalist began the quest for
                  | the Orb.
     0 | D:1      | Reached XP level 1. HP: 14/14 MP: 3/3
   355 | D:1      | Frozen to death by an endoplasm

Illustrated notes

Levels and vault maps discovered:
D:1:      eino_arrival_water_cross, layout_loops_corners

Action                     || total
---------------------------++-------
  Melee: Spear             ||     6
   Cast: Foxfire           ||     6
 Armour: Skin              ||     4
  Dodge: Dodged            ||     8
